 Dungeon Crawl Stone Soup version 0.22-a0-159-g7ce444fdad (webtiles) character file.

53 MrRokkomies the Stinger (level 3, 0/26 HPs)
             Began as a Gnoll Venom Mage on Feb 9, 2018.
             Slain by a kobold
             ... wielding a +0 short sword
              (1 damage)
             ... on level 2 of the Dungeon.
             The game lasted 00:03:54 (1407 turns).

MrRokkomies the Stinger (Gnoll Venom Mage)          Turns: 1407, Time: 00:03:55

Health: 0/26       AC:  4    Str: 10    XL:     3   Next: 89%
Magic:  9/9        EV: 15    Int: 18    God:
Gold:   80         SH:  0    Dex: 15    Spells: 9/12 levels left

rFire    . . .     SeeInvis .   a - +0 short sword
rCold    . . .     Gourm    .   (no shield)
rNeg     . . .     Faith    .   g - +0 robe
rPois    .         Spirit   .   j - +2 hat
rElec    .         Reflect  .   (no cloak)
rCorr    .         Harm     .   (no gloves)
MR       .....                  (no boots)
Stlth    +++.......             (no amulet)
HPRegen  0.08/turn              (no ring)
MPRegen  0.11/turn              (no ring)

@: no status effects
A: distributed training, fangs 1, strong nose
a: no special abilities


You were on level 2 of the Dungeon.
You were not hungry.

You visited 1 branch of the dungeon, and saw 2 of its levels.

You collected 80 gold pieces.

Inventory:

Hand Weapons
 a - a +0 short sword (weapon)
 b - a +0 hunting sling
Missiles
 m - 2 stones (quivered)
Armour
 g - a +0 robe (worn)
 j - a +2 hat (worn)
Scrolls
 e - a scroll of remove curse {unknown}
 f - 2 scrolls of identify
 i - a scroll of immolation {unknown}
Potions
 d - a potion of degeneration {unknown}
 h - 2 potions of curing
 k - a potion of heal wounds {unknown}
Books
 l - a Young Poisoner's Handbook

   Spells                             Type                      Level
   a - Sting                          Conjuration/Poison           1
   b - Poisonous Vapours              Poison/Air                   2
   c - Mephitic Cloud                 Conjuration/Poison/Air       3
   d - Olgreb's Toxic Radiance        Poison                       4
   e - Venom Bolt                     Conjuration/Poison           5
Comestibles
 c - 3 rations


   Skills:
 + Level 1.0 Fighting
 + Level 1.0 Short Blades
 + Level 1.0 Long Blades
 + Level 1.0 Axes
 + Level 1.0 Maces & Flails
 + Level 1.0 Polearms
 + Level 1.0 Staves
 + Level 1.0 Slings
 + Level 1.0 Bows
 + Level 1.0 Crossbows
 + Level 1.0 Throwing
 + Level 1.0 Armour
 + Level 4.6 Dodging
 + Level 4.2 Stealth
 + Level 1.0 Shields
 + Level 1.0 Unarmed Combat
 + Level 5.0 Spellcasting
 + Level 2.1 Conjurations
 + Level 0.7 Hexes
 + Level 0.7 Charms
 + Level 0.7 Summonings
 + Level 0.7 Necromancy
 + Level 0.7 Translocations
 + Level 0.7 Transmutations
 + Level 0.7 Fire Magic
 + Level 0.7 Ice Magic
 + Level 0.7 Air Magic
 + Level 0.7 Earth Magic
 + Level 5.4 Poison Magic
 + Level 1.0 Invocations
 + Level 1.0 Evocations


You had 9 spell levels left.
You knew the following spells:

 Your Spells              Type           Power        Failure   Level  Hunger
a - Sting                 Conj/Pois      ###.         2%          1    None
b - Poisonous Vapours     Pois/Air       ###...       5%          2    #......


Dungeon Overview and Level Annotations

Branches:
Dungeon (2/15)

Altars:

Annotations:
D:2 Robin


Innate Abilities, Weirdness & Mutations

Your experience applies equally to all skills.
You have very sharp teeth.
Your uncanny sense of smell can sniff out nearby items.


Message History

You miss the goblin.
The goblin is heavily wounded.
The goblin hits you. The kobold hits you with a short sword.
The goblin hits you with a dagger. The goblin closely misses you.
You barely miss the goblin.
The goblin is heavily wounded.
The goblin misses you. The kobold hits you with a short sword!
* * * LOW HITPOINT WARNING * * *
The goblin closely misses you. x2
You closely miss the goblin.
The goblin is heavily wounded.
The goblin misses you. The kobold hits you but does no damage.
The goblin misses you. The goblin barely misses you.
As you read the scroll labeled UFOSHR BYCU, it crumbles to dust.
It is a scroll of identify.
h - 2 potions of curing The goblin hits you.
* * * LOW HITPOINT WARNING * * *
The kobold hits you with a short sword.
You die...

.. #.
#....#.#####.# ..
#..#....#.#<..#.#
#..#....#.###.#.#
.......#.# #.#.#
#.?..s#.# #.#.#
#..ggg#.###.#.#
#.gSg#.....#.#
###.g#K#######.#
.....ggg@g......#
#####.#g#########
#...# #....#
+...># #...##
#... #...


You could see Robin, an adder, a giant cockroach, 2 hobgoblins, 8 goblins and a
kobold.

Vanquished Creatures
  2 oozes (D:1)
  A worm (D:2)
  2 dart slugs
  2 leopard geckos
  A giant cockroach (D:1)
  7 goblins
  5 kobolds
  2 ball pythons
  7 bats
  5 frilled lizards
  4 rats (D:1)
38 creatures vanquished.

Notes
Turn   | Place    | Note
-------+----------+-------------------------------------------
     0 | D:1      | MrRokkomies the Gnoll Venom Mage began the quest for the Orb.
     0 | D:1      | Reached XP level 1. HP: 13/13 MP: 6/6
   126 | D:1      | Reached XP level 2. HP: 19/19 MP: 7/7
   142 | D:1      | Learned a level 2 spell: Poisonous Vapours
   552 | D:1      | Reached XP level 3. HP: 25/25 MP: 9/9
   563 | D:1      | Reached skill level 5 in Spellcasting
  1114 | D:2      | Reached skill level 1 in Invocations
  1398 | D:2      | Noticed Robin
  1400 | D:2      | Reached skill level 1 in Fighting
  1400 | D:2      | Reached skill level 1 in Short Blades
  1400 | D:2      | Reached skill level 1 in Long Blades
  1400 | D:2      | Reached skill level 1 in Axes
  1400 | D:2      | Reached skill level 1 in Maces & Flails
  1400 | D:2      | Reached skill level 1 in Polearms
  1400 | D:2      | Reached skill level 1 in Staves
  1400 | D:2      | Reached skill level 1 in Slings
  1400 | D:2      | Reached skill level 1 in Bows
  1400 | D:2      | Reached skill level 1 in Crossbows
  1400 | D:2      | Reached skill level 1 in Throwing
  1400 | D:2      | Reached skill level 1 in Armour
  1400 | D:2      | Reached skill level 1 in Shields
  1400 | D:2      | Reached skill level 1 in Unarmed Combat
  1400 | D:2      | Reached skill level 1 in Evocations
  1407 | D:2      | HP: 1/26 [goblin[Robin] (2)]
  1407 | D:2      | Slain by a kobold

Vault maps used:
D:1:      nicolae_arrival_washed_ashore, lemuel_old_faithful
D:2:      lemuel_crystal_altar, hex_medium, uniq_robin

Skill      XL: |  1  2  3 |
---------------+----------+-----
Conjurations   | 2 |  2.1
Spellcasting   | 5 |  5.0
Invocations    | 1 |  1.0
Fighting       | 1 |  1.0
Short Blades   | 1 |  1.0
Long Blades    | 1 |  1.0
Axes           | 1 |  1.0
Maces & Flails | 1 |  1.0
Polearms       | 1 |  1.0
Staves         | 1 |  1.0
Slings         | 1 |  1.0
Bows           | 1 |  1.0
Crossbows      | 1 |  1.0
Throwing       | 1 |  1.0
Armour         | 1 |  1.0
Shields        | 1 |  1.0
Unarmed Combat | 1 |  1.0
Evocations     | 1 |  1.0
Dodging        | |  4.6
Stealth        | |  4.2
Hexes          | |  0.7
Charms         | |  0.7
Summonings     | |  0.7
Necromancy     | |  0.7
Translocations | |  0.7
Transmutations | |  0.7
Fire Magic     | |  0.7
Ice Magic      | |  0.7
Air Magic      | |  0.7
Earth Magic    | |  0.7
Poison Magic   | |  5.4

Action                   || total
-------------------------++-------
Melee: Short sword       ||   105
       Bite              ||    13
       Unarmed           ||     1
       Punch             ||     1
 Cast: Sting             ||     8
       Poisonous Vapours ||     2
  Use: Scroll            ||     1
 Stab: Sleeping          ||     7
       Distracted        ||     1
  Eat: Chunk             ||     2
Armor: Robe              ||    28
Dodge: Dodged            ||    74

Table legend:
 A = Spawn XP
 B = Non-spawn XP
 C = Spawn XP percentage of total XP
 D = Spawn monster count
 E = Non-spawn monster count
 F = Spawn count percentage of total count
 G = Total turns spent on level
                    A         B        C        D         E        F      G
               +---------+---------+-------+---------+---------+-------+---------
         Total |       0 |      77 |   0.0 |       0 |      38 |   0.0 |  1407
               +---------+---------+-------+---------+---------+-------+---------
           D:1 |       0 |      54 |   0.0 |       0 |      27 |   0.0 |  1091
           D:2 |       0 |      23 |   0.0 |       0 |      11 |   0.0 |   316
               +---------+---------+-------+---------+---------+-------+---------
